 Dungeon Crawl Stone Soup version 0.31-a0-152-g6aa68a64a1 (webtiles) character file.

Game seed: 8305143249362800984

59680 qw the Marksnaga (level 14, -3/138 HPs)
             Began as a Naga Hunter on June 9, 2023.
             Was a High Priest of Okawaru.
             Shot with an arrow by Nessos (12 damage)
             ... on level 13 of the Dungeon.
             The game lasted 00:07:41 (18626 turns).

qw the Marksnaga (Naga Hunter)                     Turns: 18626, Time: 00:07:42

Health: -3/138     AC: 19    Str: 14    XL:     14   Next: 96%
Magic:  15/21      EV: 15    Int:  9    God:    Okawaru [*****.]
Gold:   337        SH:  0    Dex: 20    Spells: 13/13 levels left

rFire   . . .        t - +1 longbow (heavy)
rCold   + . .        (shield currently unavailable)
rNeg    + . .        l - +2 ring mail {rC+}
rPois   +            h - +2 helmet
rElec   .            f - +0 cloak
rCorr   .            i - +2 pair of gloves
SInv    +            (no barding)
Will    ++...        p - amulet of the acrobat
Stlth   +++          g - ring of positive energy
HPRegen 0.43/turn    s - ring of willpower
MPRegen 0.17/turn

%: acrobat
@: lethally poisoned (-3 -> -4), about to teleport, heroic, finesse-ful, marked,
very slow
A: AC +4, large, see invisible, deformed body, poison resistance, slowness 2,
spit poison 1, naga tail 2
a: Spit Poison, Renounce Religion, Heroism, Finesse, Duel


You were on level 13 of the Dungeon.
You worshipped Okawaru.
Okawaru was extremely pleased with you.
You visited 3 branches of the dungeon, and saw 19 of its levels.
You also visited: Ossuary.

You collected 1567 gold pieces.
You spent 1230 gold pieces at shops.


Innate Abilities, Weirdness & Mutations

Your serpentine skin is tough. (AC +4)
You have supernaturally acute eyesight. (SInv)
Armour fits poorly on your strangely shaped body.
Your system is resistant to poisons. (rPois)
You cover ground very slowly.
You can spit poison.
You can use your snake-like lower body to constrict enemies.


   Skills:
 - Level 12.0(17.0) Fighting
 - Level 18.0(23.0) Ranged Weapons
 + Level 4.8(9.8) Armour
 - Level 6.0(11.0) Dodging
 - Level 1.5(6.5) Stealth
 - Level 10.0 Invocations


You had 13 spell levels left.
You didn't know any spells.
Your spell library was empty.

Inventory:

Hand Weapons
 r - the +5 arbalest "Fuuthrepna" {flame, rN+ Str+7 Int-2}
   (You acquired it on level 5 of the Lair of Beasts)

   Str:       It affects your strength (+7).
   Int:       It affects your intelligence (-2).
   rN:        It protects you from negative energy.
 t - a +1 heavy longbow (weapon)
Armour
 f - a +0 cloak (worn)
 h - a +2 helmet (worn)
 i - a +2 pair of gloves (worn)
 l - a +2 ring mail of cold resistance (worn)
 m - the +3 ring mail of the Ward {Harm rF+ rN+ Dex+3}
   (You found it on level 4 of the Dungeon)

   Dex:       It affects your dexterity (+3).
   rF:        It protects you from fire.
   rN:        It protects you from negative energy.
   Harm:      It increases damage dealt and taken.
 n - +2 steam dragon scales
 z - a scarf of resistance
Jewellery
 g - a ring of positive energy (left hand)
 p - an amulet of the acrobat (around neck)
 s - a ring of willpower (right hand)
 u - a ring of fire
 w - a ring of ice
 x - a ring of fire
 y - a ring of protection from fire
Wands
 c - a wand of digging (11)
Scrolls
 j - 3 scrolls of identify
Potions
 a - 3 potions of resistance
 b - 3 potions of mutation
 d - 3 potions of haste
 e - 10 potions of curing
 k - 2 potions of magic
 q - 3 potions of cancellation
 v - a potion of might

Dungeon Overview and Level Annotations

Branches:
Dungeon (13/15)            Temple (1/1) D:4            Lair (5/5) D:9
 Shoals (0/4) Lair:2        Snake (0/4) Lair:2        Slime (0/5) Lair:4
    Orc (0/2) D:11        Ossuary (visited)
 Vaults: D:13-14

Altars:
Ashenzari
Cheibriados
Dithmenos
Elyvilon
Fedhas
Gozag
Hepliaklqana
Kikubaaqudgha
Makhleb
Nemelex Xobeh
Okawaru
Qazlal
Ru
Sif Muna
Trog
Uskayaw
Vehumet
Wu Jian
Xom
Yredelemnul
Zin
The Shining One

Shops:
D:6 =   D:7 (=((   D:9 (   D:10 !   D:12 !

Annotations:
D:3 1 runed translucent door, Crazy Yiuf
D:13 Nessos


Message History

You shoot an arrow.
The arrow hits the vampire mosquito but does no damage.
The vampire mosquito is almost destroyed.
You feel sick. The unseen horror closely misses you.
Nessos shoots an arrow.
The arrow hits you. The arrow burns you. The vampire mosquito misses you.
The vampire mosquito bites you but does no damage.
The vampire mosquito completely misses you.
You shoot an arrow.
The arrow completely misses the vampire mosquito.
Nessos mumbles some strange words.
Nessos blinks!
The vampire mosquito barely misses you.
The vampire mosquito bites you but does no damage.
Nessos shoots an arrow.
The arrow hits the unseen horror!
The arrow burns the unseen horror.
The unseen horror dies!
The vampire mosquito bites you.
You shoot an arrow. The arrow hits the vampire mosquito!!!
You destroy the vampire mosquito!
Okawaru accepts your kill.
You feel sick.
Nessos shoots an arrow.
The arrow hits you! The arrow burns you.
The vampire mosquito bites you but does no damage. x2
You shoot an arrow. The arrow hits the vampire mosquito!!
You destroy the vampire mosquito!
Okawaru accepts your kill.
Nessos gestures wildly while chanting.
Nessos blinks!
The vampire mosquito bites you but does no damage.
You shoot an arrow. The arrow hits the vampire mosquito!
The vampire mosquito is severely damaged.
You feel sick.
Nessos shoots an arrow.
The arrow hits you! The arrow burns you.
The vampire mosquito closely misses you.
Nessos pounds the earth with their hooves.
Nessos shoots an arrow.
The arrow hits you! The arrow burns you.
18626 ||| READING scroll of teleportation.
As you read the scroll of teleportation, it crumbles to dust.
You feel strangely unstable.
You feel sick.
Nessos shoots an arrow.
The arrow hits you. The arrow burns you.
The vampire mosquito barely misses you.
Nessos shoots an arrow.
The arrow hits you!
You die...

#.........#
#.........#
#../......#
#........#
#.......#
#......#
#...y%.#
#...@..#
#......#
...'......#
...'......#
...#......#
.. #...c..#
. #......#
######.#
#.#


You could see Nessos (fast) and a vampire mosquito.

Vanquished Creatures
  Frances (D:13)
  Fannar (D:12)
  4 hydras
  A boulder beetle (D:11)
  A two-headed ogre (D:13)
  Nergalle (D:12)
  2 skysharks
  Amaemon (D:8)
  4 skeletal warriors (D:13)
  Pikel (D:7)
  A manticore (D:11)
  An ugly thing (D:10)
  A cyclops (D:11)
  A salamander (Lair:2)
  An oklob plant (Lair:5)
  A wolf spider (Lair:5)
  A guardian serpent (Lair:5)
  7 black mambas
  23 elephants
  A smoke demon (D:11)
  Joseph (D:8)
  19 cane toads
  An unseen horror (D:12)
  An orange demon (D:8)
  Maggie (D:7)
  10 komodo dragons
  3 rime drakes
  3 trolls
  2 polar bears
  17 blink frogs
  Prince Ribbit (D:7)
  2 hornets (Lair:5)
  6 slime creatures (D:13)
  8 spriggans (Lair:1)
  2 shadows
  A spriggan (shapeshifter) (D:3)
  37 yaks
  A fire bat (shapeshifter) (D:13)
  A water elemental (D:12)
  2 wraiths
  12 wyverns
  7 vampire mosquitoes
  5 basilisks
  A steam dragon (D:8)
  A redback (Lair:5)
  22 water moccasins
  3 acid dragons (D:11)
  4 orc warriors
  5 ice beasts
  4 black bears
  An ogre (D:6)
  18 wolves
  10 centaurs
  A phantom (D:4)
  3 kobold brigands
  14 bullfrogs
  A gnoll sergeant (D:10)
  A scorpion (D:4)
  8 wights
  8 killer bees
  2 electric eels
  5 howler monkeys
  2 lava snakes (Lair:2)
  7 hounds
  8 jellies
  4 sleepcaps
  A gnoll bouda (D:7)
  7 orc priests
  7 iguanas
  11 orc wizards
  4 hell rats (Lair:5)
  8 mummies (Ossuary)
  10 gnolls
  4 adders
  2 white imps
  3 ufetubi
  A dart slug (D:1)
  56 orcs
  4 bats
  8 endoplasms
  5 giant cockroaches
  3 goblins
  10 hobgoblins
  4 quokkas
  8 ball pythons
  2 frilled lizards
  A gnoll zombie (Ossuary)
  2 hobgoblin zombies (Ossuary)
  23 kobolds
  2 kobold zombies (Ossuary)
  3 orc zombies (Ossuary)
  9 rats
529 creatures vanquished.

Vanquished Creatures (others)
  An unseen horror (D:13)
1 creature vanquished.

Grand Total: 530 creatures vanquished

Notes
Turn   | Place    | Note
-------+----------+-------------------------------------------
     0 | D:1      | qw the Naga Hunter began the quest for the Orb.
     0 | D:1      | Reached XP level 1. HP: 19/19 MP: 1/1
     0 | D:1      | 0 ||| qw: Version: 0.2-a-122-gbc61b45
     0 | D:1      | 0 ||| qw: Game counter: 3390
     0 | D:1      | 0 ||| qw: Always use a shield: true
     0 | D:1      | 0 ||| qw: God list: Okawaru
     0 | D:1      | 0 ||| qw: Allow faded altars: false
     0 | D:1      | 0 ||| qw: Do Orc after D:15 true
     0 | D:1      | 0 ||| qw: Do second Lair branch before Depths: true
     0 | D:1      | 0 ||| qw: Lair rune preference: random
     0 | D:1      | 0 ||| qw: Plans: Normal
     0 | D:1      | 0 ||| PLANNING D:1-11
    57 | D:1      | Found a faded altar of an unknown god.
    60 | D:1      | 60 ||| INVOKING Spit Poison.
    67 | D:1      | 67 ||| INVOKING Spit Poison.
    87 | D:1      | 87 ||| INVOKING Spit Poison.
    88 | D:1      | 88 ||| INVOKING Spit Poison.
    95 | D:1      | 95 ||| INVOKING Spit Poison.
   102 | D:1      | 102 ||| INVOKING Spit Poison.
   104 | D:1      | Reached skill level 4 in Ranged Weapons
   104 | D:1      | Reached XP level 2. HP: 26/26 MP: 2/2
   106 | D:1      | 106 ||| INVOKING Spit Poison.
   129 | D:1      | 129 ||| INVOKING Spit Poison.
   164 | D:1      | 164 ||| INVOKING Spit Poison.
   228 | D:1      | 228 ||| INVOKING Spit Poison.
   281 | D:1      | 281 ||| INVOKING Spit Poison.
   286 | D:1      | 286 ||| INVOKING Spit Poison.
   289 | D:1      | 289 ||| INVOKING Spit Poison.
   290 | D:1      | Reached XP level 3. HP: 21/32 MP: 3/3
   307 | D:1      | 307 ||| INVOKING Spit Poison.
   416 | D:1      | 416 ||| INVOKING Spit Poison.
   422 | D:1      | 422 ||| INVOKING Spit Poison.
   487 | D:1      | 487 ||| UPGRADING to ring of positive energy.
   488 | D:1      | 488 ||| READING scroll labelled XAOPPA RIGIEZ.
   489 | D:1      | 489 ||| READING scroll labelled JOHA IKUIWICH.
   490 | D:1      | 490 ||| READING scroll labelled OSEJUY FIMO.
   491 | D:1      | 491 ||| READING scroll labelled QOT YMPOT.
   492 | D:1      | 492 ||| DROPPING scroll of butterflies.
   524 | D:2      | 524 ||| INVOKING Spit Poison.
   529 | D:2      | 529 ||| INVOKING Spit Poison.
   575 | D:2      | 575 ||| INVOKING Spit Poison.
   633 | D:2      | 633 ||| INVOKING Spit Poison.
   643 | D:2      | 643 ||| INVOKING Spit Poison.
   735 | D:2      | 735 ||| INVOKING Spit Poison.
   897 | D:2      | 897 ||| INVOKING Spit Poison.
   957 | D:2      | 957 ||| UPGRADING to +0 cloak.
   962 | D:2      | 962 ||| UPGRADING to +0 pair of gloves.
   967 | D:2      | 967 ||| READING scroll of enchant armour.
   967 | D:2      | 967 ||| ENCHANTING +0 pair of gloves.
   968 | D:2      | 968 ||| READING scroll labelled IHOISA BUCAI.
   969 | D:2      | 969 ||| DRINKING 3 cyan potions.
  1077 | D:3      | 1077 ||| INVOKING Spit Poison.
  1081 | D:3      | 1081 ||| INVOKING Spit Poison.
  1145 | D:3      | 1145 ||| INVOKING Spit Poison.
  1231 | D:3      | 1231 ||| INVOKING Spit Poison.
  1232 | D:3      | 1232 ||| INVOKING Spit Poison.
  1237 | D:3      | 1237 ||| INVOKING Spit Poison.
  1292 | D:3      | 1292 ||| INVOKING Spit Poison.
  1298 | D:3      | Reached skill level 5 in Ranged Weapons
  1298 | D:3      | Reached XP level 4. HP: 39/39 MP: 4/4
  1311 | D:3      | 1311 ||| INVOKING Spit Poison.
  1356 | D:3      | 1356 ||| INVOKING Spit Poison.
  1360 | D:3      | 1360 ||| INVOKING Spit Poison.
  1386 | D:3      | 1386 ||| INVOKING Spit Poison.
  1397 | D:3      | 1397 ||| INVOKING Spit Poison.
  1406 | D:3      | 1406 ||| INVOKING Spit Poison.
  1461 | D:3      | Found a blossoming altar of Fedhas.
  1465 | D:3      | Found a glowing golden altar of the Shining One.
  1467 | D:3      | Found a hazy altar of Hepliaklqana.
  1472 | D:3      | 1472 ||| READING scroll of enchant armour.
  1472 | D:3      | 1472 ||| ENCHANTING +1 pair of gloves.
  1481 | D:3      | 1481 ||| INVOKING Spit Poison.
  1487 | D:3      | 1487 ||| INVOKING Spit Poison.
  1490 | D:3      | Reached XP level 5. HP: 37/48 MP: 5/5
  1491 | D:3      | an orc changed into a shapeshifter
  1491 | D:3      | Noticed a shapeshifter (shapeshifter)
  1491 | D:3      | a shapeshifter changed into a spriggan
  1491 | D:3      | Noticed a spriggan (shapeshifter)
  1492 | D:3      | 1492 ||| INVOKING Spit Poison.
  1497 | D:3      | 1497 ||| INVOKING Spit Poison.
  1498 | D:3      | Killed a spriggan
  1499 | D:3      | Reached XP level 6. HP: 37/58 MP: 6/6
  1587 | D:3      | Found a runed translucent door.
  1588 | D:3      | Noticed Crazy Yiuf
  1691 | D:3      | 1691 ||| INVOKING Spit Poison.
  1692 | D:3      | 1692 ||| DRINKING 2 potions of curing.
  1692 | D:3      | 1692 ||| (to cure confusion)
  1697 | D:3      | 1697 ||| INVOKING Spit Poison.
  1710 | D:3      | Found the +1 Delatra's gloves {ID++}
  1850 | D:3      | 1850 ||| UPGRADING to +0 helmet.
  1855 | D:3      | 1855 ||| READING 2 scrolls labelled ZOHOTA JUNOANT.
  1856 | D:3      | 1856 ||| READING scroll labelled KEOSEL QEUXY.
  1856 | D:3      | Identified a scroll of acquirement
  1856 | D:3      | 1856 ||| ACQUIRING +0 shortbow of electrocution
  1856 | D:3      | Acquired a +0 shortbow of electrocution
  1858 | D:3      | 1858 ||| SWAPPING to +0 shortbow of electrocution.
  1859 | D:3      | 1859 ||| DROPPING +0 shortbow of chaos.
  1860 | D:3      | 1860 ||| DRINKING 2 brown potions.
  1861 | D:3      | 1861 ||| DROPPING potion of brilliance.
  1895 | D:4      | 1895 ||| INVOKING Spit Poison.
  1973 | D:4      | 1973 ||| INVOKING Spit Poison.
  1993 | D:4      | 1993 ||| INVOKING Spit Poison.
  2006 | D:4      | 2006 ||| INVOKING Spit Poison.
  2011 | D:4      | 2011 ||| INVOKING Spit Poison.
  2014 | D:4      | Reached skill level 6 in Ranged Weapons
  2019 | D:4      | 2019 ||| INVOKING Spit Poison.
  2025 | D:4      | 2025 ||| INVOKING Spit Poison.
  2051 | D:4      | Found an ancient bone altar of Kikubaaqudgha.
  2083 | D:4      | 2083 ||| INVOKING Spit Poison.
  2087 | D:4      | 2087 ||| INVOKING Spit Poison.
  2089 | D:4      | Reached skill level 1 in Armour
  2089 | D:4      | Reached XP level 7. HP: 66/66 MP: 7/7
  2106 | D:4      | 2106 ||| INVOKING Spit Poison.
  2123 | D:4      | 2123 ||| INVOKING Spit Poison.
  2125 | D:4      | 2125 ||| Stepping ~*~*~tactically~*~*~ (outnumbered).
  2129 | D:4      | 2129 ||| INVOKING Spit Poison.
  2200 | D:4      | 2200 ||| INVOKING Spit Poison.
  2208 | D:4      | Found an opulent altar of Gozag.
  2252 | D:4      | Identified the +3 ring mail of the Ward {Harm rF+ rN+
                  | Dex+3}
  2268 | D:4      | 2268 ||| INVOKING Spit Poison.
  2286 | D:4      | Found a staircase to the Ecumenical Temple.
  2287 | D:4      | 2287 ||| PLANNING TEMPLE
  2287 | D:4      | 2287 ||| READING scroll labelled JIREYT VIEX.
  2290 | D:4      | 2290 ||| READING 2 scrolls of identify.
  2290 | D:4      | 2290 ||| IDENTIFYING glowing emerald potion
  2291 | D:4      | 2291 ||| DROPPING potion of degeneration.
  2308 | D:4      | 2308 ||| INVOKING Spit Poison.
  2311 | D:4      | 2311 ||| INVOKING Spit Poison.
  2341 | Temple   | Entered the Ecumenical Temple
  2344 | Temple   | 2344 ||| PLANNING OKAWARU WORSHIP
  2397 | Temple   | Became a worshipper of Warmaster Okawaru
  2397 | Temple   | 2397 ||| PLANNING D:1-11
  2561 | D:4      | Found a white marble altar of Elyvilon.
  2725 | D:5      | Entered Level 5 of the Dungeon
  2746 | D:5      | 2746 ||| INVOKING Spit Poison.
  2758 | D:5      | 2758 ||| READING scroll of enchant armour.
  2758 | D:5      | 2758 ||| ENCHANTING +0 helmet.
  2775 | D:5      | 2775 ||| INVOKING Spit Poison.
  2779 | D:5      | 2779 ||| INVOKING Spit Poison.
  2787 | D:5      | 2787 ||| INVOKING Spit Poison.
  2788 | D:5      | 2788 ||| INVOKING Spit Poison.
  2820 | D:5      | 2820 ||| INVOKING Spit Poison.
  2824 | D:5      | Reached skill level 7 in Ranged Weapons
  2852 | D:5      | 2852 ||| INVOKING Spit Poison.
  2855 | D:5      | 2855 ||| INVOKING Spit Poison.
  2892 | D:5      | 2892 ||| INVOKING Spit Poison.
  2894 | D:5      | Reached XP level 8. HP: 73/73 MP: 8/8
  2912 | D:5      | 2912 ||| INVOKING Spit Poison.
  2915 | D:5      | 2915 ||| INVOKING Spit Poison.
  2925 | D:5      | Reached * piety under Okawaru
  2926 | D:5      | Reached skill level 8 in Ranged Weapons
  3052 | D:5      | 3052 ||| READING scroll of enchant armour.
  3052 | D:5      | 3052 ||| ENCHANTING +1 helmet.
  3283 | D:5      | 3283 ||| UPGRADING to +0 leather armour of positive energy.
  3293 | D:5      | 3293 ||| DROPPING +0 leather armour.
  3294 | D:5      | 3294 ||| DRINKING 2 sedimented blue potions.
  3399 | D:5      | 3399 ||| READING 3 scrolls of identify.
  3399 | D:5      | 3399 ||| IDENTIFYING smoky clear potion
  3400 | D:5      | 3400 ||| READING 2 scrolls of identify.
  3400 | D:5      | 3400 ||| IDENTIFYING metallic yellow potion
  3401 | D:5      | 3401 ||| DROPPING potion of invisibility.
  3402 | D:5      | 3402 ||| DROPPING potion of berserk rage.
  3413 | D:6      | 3413 ||| INVOKING Spit Poison.
  3414 | D:6      | 3414 ||| INVOKING Heroism.
  3418 | D:6      | 3418 ||| INVOKING Spit Poison.
  3428 | D:6      | 3428 ||| INVOKING Heroism.
  3429 | D:6      | 3429 ||| INVOKING Spit Poison.
  3433 | D:6      | 3433 ||| INVOKING Spit Poison.
  3437 | D:6      | Reached skill level 1 in Invocations
  3438 | D:6      | 3438 ||| INVOKING Spit Poison.
  3440 | D:6      | 3440 ||| STAIRDANCE
  3589 | D:6      | 3589 ||| INVOKING Spit Poison.
  3607 | D:6      | 3607 ||| INVOKING Spit Poison.
  3610 | D:6      | 3610 ||| INVOKING Heroism.
  3611 | D:6      | 3611 ||| INVOKING Spit Poison.
  3617 | D:6      | 3617 ||| INVOKING Spit Poison.
  3625 | D:6      | 3625 ||| INVOKING Spit Poison.
  3627 | D:6      | Reached skill level 3 in Invocations
  3629 | D:6      | 3629 ||| INVOKING Spit Poison.
  3652 | D:6      | 3652 ||| INVOKING Spit Poison.
  3750 | D:6      | 3750 ||| INVOKING Spit Poison.
  3905 | D:6      | 3905 ||| INVOKING Heroism.
  3929 | D:6      | 3929 ||| INVOKING Heroism.
  4121 | D:6      | Found Taas's Jewellery Shoppe.
  4130 | D:6      | 4130 ||| SHOPLISTING +6 ring of dexterity (504 gold, have
                  | 339).
  4130 | D:6      | 4130 ||| SHOPLISTING +6 ring of strength (504 gold, have
                  | 339).
  4130 | D:6      | 4130 ||| SHOPLISTING amulet of the acrobat (420 gold, have
                  | 339).
  4130 | D:6      | 4130 ||| SHOPLISTING ring "Vehianann" {rN+ rCorr} (456
                  | gold, have 339).
  4130 | D:6      | 4130 ||| SHOPLISTING ring of willpower (350 gold, have
                  | 339).
  4130 | D:6      | 4130 ||| READING scroll labelled YMEPHEDAGU.
  4240 | D:7      | 4240 ||| INVOKING Spit Poison.
  4251 | D:7      | Reached skill level 9 in Ranged Weapons
  4251 | D:7      | Reached XP level 9. HP: 81/81 MP: 11/11
  4251 | D:7      | 4251 ||| INVOKING Spit Poison.
  4252 | D:7      | 4252 ||| STAIRDANCE
  4313 | D:7      | 4313 ||| INVOKING Spit Poison.
  4317 | D:7      | Reached skill level 3 in Dodging
  4373 | D:7      | 4373 ||| INVOKING Spit Poison.
  4379 | D:7      | 4379 ||| INVOKING Spit Poison.
  4402 | D:7      | Noticed Pikel
  4403 | D:7      | 4403 ||| INVOKING Heroism.
  4404 | D:7      | 4404 ||| SWAPPING to +0 orcbow.
  4405 | D:7      | 4405 ||| INVOKING Spit Poison.
  4412 | D:7      | Killed Pikel
  4431 | D:7      | 4431 ||| INVOKING Heroism.
  4442 | D:7      | 4442 ||| DROPPING +0 shortbow of electrocution.
  4453 | D:7      | Found Hazy's Weapon Emporium.
  4453 | D:7      | Found Udipoogh's Antique Weapon Emporium.
  4457 | D:7      | 4457 ||| INVOKING Heroism.
  4459 | D:7      | 4459 ||| INVOKING Spit Poison.
  4463 | D:7      | 4463 ||| INVOKING Spit Poison.
  4467 | D:7      | 4467 ||| INVOKING Spit Poison.
  4474 | D:7      | 4474 ||| INVOKING Spit Poison.
  4478 | D:7      | 4478 ||| INVOKING Spit Poison.
  4500 | D:7      | Found Zoasa's Jewellery Emporium.
  4501 | D:7      | 4501 ||| INVOKING Heroism.
  4525 | D:7      | Found Zaruqoxi's Weapon Emporium.
  4526 | D:7      | Noticed Maggie
  4527 | D:7      | 4527 ||| INVOKING Spit Poison.
  4533 | D:7      | 4533 ||| INVOKING Spit Poison.
  4534 | D:7      | 4534 ||| INVOKING Heroism.
  4539 | D:7      | Killed Maggie
  4669 | D:7      | 4669 ||| READING 2 scrolls of identify.
  4669 | D:7      | 4669 ||| IDENTIFYING golden potion
  4676 | D:7      | 4676 ||| SHOPLISTING amulet of Beogh's Inspiration {Reflect
                  | Str+4 SH+5} (499 gold, have 353).
  4676 | D:7      | 4676 ||| SHOPLISTING amulet of Yvotroeg {Faith Str+5
                  | Slay-5} (440 gold, have 353).
  4676 | D:7      | 4676 ||| BUYING amulet of the acrobat (330 gold).
  4676 | D:7      | Bought an amulet of the acrobat for 330 gold pieces
  4676 | D:7      | 4676 ||| SHOPLISTING ring of positive energy (220 gold,
                  | have 23).
  4676 | D:7      | 4676 ||| SHOPLISTING ring of resist corrosion (220 gold,
                  | have 23).
  4680 | D:7      | 4680 ||| SHOPLISTING +12 shortbow of Cruel Justice {drain,
                  | rElec rC+ rCorr Dex+3} (1572 gold, have 23).
  4709 | D:7      | 4709 ||| INVOKING Spit Poison.
  4715 | D:7      | 4715 ||| INVOKING Spit Poison.
  4720 | D:7      | 4720 ||| INVOKING Spit Poison.
  4769 | D:7      | Noticed Prince Ribbit
  4770 | D:7      | 4770 ||| INVOKING Heroism.
  4771 | D:7      | 4771 ||| INVOKING Spit Poison.
  4779 | D:7      | 4779 ||| INVOKING Spit Poison.
  4784 | D:7      | 4784 ||| INVOKING Spit Poison.
  4787 | D:7      | Killed Prince Ribbit
  4787 | D:7      | Reached ** piety under Okawaru
  4788 | D:7      | Reached skill level 10 in Ranged Weapons
  4843 | D:7      | 4843 ||| INVOKING Heroism.
  4844 | D:7      | 4844 ||| INVOKING Spit Poison.
  5149 | D:7      | 5149 ||| INVOKING Spit Poison.
  5163 | D:7      | 5163 ||| INVOKING Spit Poison.
  5164 | D:7      | 5164 ||| Stepping ~*~*~tactically~*~*~ (outnumbered).
  5166 | D:7      | 5166 ||| Stepping ~*~*~tactically~*~*~ (outnumbered).
  5168 | D:7      | 5168 ||| Stepping ~*~*~tactically~*~*~ (outnumbered).
  5169 | D:7      | 5169 ||| INVOKING Spit Poison.
  5172 | D:7      | 5172 ||| INVOKING Spit Poison.
  5177 | D:7      | 5177 ||| INVOKING Spit Poison.
  5181 | D:7      | 5181 ||| INVOKING Spit Poison.
  5183 | D:7      | Reached XP level 10. HP: 72/94 MP: 13/13
  5231 | D:7      | 5231 ||| INVOKING Spit Poison.
  5305 | D:7      | 5305 ||| UPGRADING to +0 steam dragon scales.
  5315 | D:7      | 5315 ||| DROPPING +0 leather armour of positive energy.
  5316 | D:7      | 5316 ||| UPGRADING to amulet of the acrobat.
  5321 | D:7      | 5321 ||| UPGRADING to ring of willpower.
  5322 | D:7      | 5322 ||| READING scroll labelled XOSUSI PIOKENK.
  5323 | D:7      | 5323 ||| READING scroll labelled YSACHE MUMI.
  5424 | D:7      | 5424 ||| READING scroll labelled BIRUFOSEFF.
  5425 | D:7      | 5425 ||| DROPPING potion of lignification.
  5457 | D:8      | 5457 ||| PLANNING OSSUARY
  5469 | D:8      | 5469 ||| INVOKING Spit Poison.
  5474 | D:8      | 5474 ||| INVOKING Spit Poison.
  5482 | D:8      | 5482 ||| INVOKING Spit Poison.
  5488 | D:8      | 5488 ||| INVOKING Spit Poison.
  5607 | D:8      | 5607 ||| INVOKING Spit Poison.
  5620 | D:8      | 5620 ||| Stepping ~*~*~tactically~*~*~ (outnumbered).
  5690 | D:8      | 5690 ||| INVOKING Spit Poison.
  5694 | D:8      | 5694 ||| INVOKING Spit Poison.
  5698 | D:8      | 5698 ||| INVOKING Spit Poison.
  5706 | D:8      | 5706 ||| INVOKING Spit Poison.
  5832 | D:8      | Found a sand-covered staircase.
  5833 | D:8      | 5833 ||| READING scroll labelled KADIPS QAIMAM.
  5838 | Ossuary  | Entered an ossuary
  6017 | D:8      | 6017 ||| PLANNING D:1-11
  6136 | D:8      | 6136 ||| INVOKING Spit Poison.
  6152 | D:8      | 6152 ||| INVOKING Heroism.
  6153 | D:8      | 6153 ||| INVOKING Spit Poison.
  6156 | D:8      | Reached skill level 11 in Ranged Weapons
  6178 | D:8      | Noticed Joseph
  6179 | D:8      | 6179 ||| INVOKING Spit Poison.
  6187 | D:8      | 6187 ||| INVOKING Spit Poison.
  6190 | D:8      | Killed Joseph
  6313 | D:8      | Noticed an orange demon
  6314 | D:8      | 6314 ||| INVOKING Spit Poison.
  6314 | D:8      | Noticed Amaemon
  6315 | D:8      | 6315 ||| INVOKING Heroism.
  6319 | D:8      | Killed an orange demon
  6323 | D:8      | 6323 ||| INVOKING Spit Poison.
  6329 | D:8      | 6329 ||| INVOKING Spit Poison.
  6333 | D:8      | 6333 ||| INVOKING Spit Poison.
  6338 | D:8      | Killed Amaemon
  6340 | D:8      | 6340 ||| INVOKING Spit Poison.
  6384 | D:8      | 6384 ||| INVOKING Spit Poison.
  6391 | D:8      | 6391 ||| INVOKING Spit Poison.
  6479 | D:8      | 6479 ||| INVOKING Heroism.
  6565 | D:8      | Found a sacrificial altar of Ru.
  6568 | D:8      | 6568 ||| DROPPING amulet of magic regeneration.
  6569 | D:8      | 6569 ||| READING scroll labelled LUEMOL WAL HODGH.
  6587 | D:9      | 6587 ||| INVOKING Spit Poison.
  6592 | D:9      | 6592 ||| INVOKING Spit Poison.
  6597 | D:9      | 6597 ||| INVOKING Spit Poison.
  6616 | D:9      | 6616 ||| INVOKING Spit Poison.
  6625 | D:9      | 6625 ||| INVOKING Spit Poison.
  6644 | D:9      | 6644 ||| INVOKING Spit Poison.
  6651 | D:9      | 6651 ||| READING scroll of enchant armour.
  6651 | D:9      | 6651 ||| ENCHANTING +0 steam dragon scales.
  6664 | D:9      | 6664 ||| INVOKING Heroism.
  6666 | D:9      | 6666 ||| INVOKING Spit Poison.
  6670 | D:9      | 6670 ||| INVOKING Spit Poison.
  6670 | D:9      | Identified the +9 whip "Tameat" {drain, Fragile rPois rC++
                  | Will-}
  6674 | D:9      | 6674 ||| INVOKING Spit Poison.
  6678 | D:9      | 6678 ||| INVOKING Spit Poison.
  6687 | D:9      | 6687 ||| INVOKING Spit Poison.
  6697 | D:9      | 6697 ||| INVOKING Spit Poison.
  6704 | D:9      | 6704 ||| INVOKING Spit Poison.
  6709 | D:9      | 6709 ||| INVOKING Spit Poison.
  6712 | D:9      | 6712 ||| INVOKING Spit Poison.
  6714 | D:9      | 6714 ||| INVOKING Heroism.
  6720 | D:9      | 6720 ||| INVOKING Spit Poison.
  6724 | D:9      | Reached skill level 12 in Ranged Weapons
  6724 | D:9      | Reached XP level 11. HP: 91/103 MP: 12/14
  6726 | D:9      | Reached *** piety under Okawaru
  6745 | D:9      | 6745 ||| FLEEEEING.
  6779 | D:9      | 6779 ||| INVOKING Heroism.
  6833 | D:9      | Found a staircase to the Lair.
  6855 | D:9      | Found Pyroshiy's Weapon Shop.
  6866 | D:9      | 6866 ||| BUYING +0 heavy longbow (178 gold).
  6866 | D:9      | Bought a +0 heavy longbow for 178 gold pieces
  6866 | D:9      | 6866 ||| SWAPPING to +0 heavy longbow.
  6867 | D:9      | 6867 ||| DROPPING +1 orcbow.
  6876 | D:9      | 6876 ||| INVOKING Spit Poison.
  6879 | D:9      | 6879 ||| INVOKING Spit Poison.
  6882 | D:9      | Reached skill level 3 in Armour
  6884 | D:9      | 6884 ||| INVOKING Spit Poison.
  6887 | D:9      | 6887 ||| INVOKING Spit Poison.
  6889 | D:9      | 6889 ||| INVOKING Heroism.
  6891 | D:9      | 6891 ||| INVOKING Spit Poison.
  6895 | D:9      | 6895 ||| INVOKING Spit Poison.
  6901 | D:9      | 6901 ||| INVOKING Spit Poison.
  7236 | D:9      | 7236 ||| READING scroll of enchant armour.
  7236 | D:9      | 7236 ||| ENCHANTING +1 steam dragon scales.
  7370 | D:9      | 7370 ||| INVOKING Spit Poison.
  7373 | D:9      | 7373 ||| Stepping ~*~*~tactically~*~*~ (outnumbered).
  7375 | D:9      | 7375 ||| INVOKING Spit Poison.
  7379 | D:9      | 7379 ||| INVOKING Spit Poison.
  7387 | D:9      | 7387 ||| INVOKING Spit Poison.
  7391 | D:9      | 7391 ||| INVOKING Spit Poison.
  7625 | D:9      | 7625 ||| PLANNING LAIR
  7625 | D:9      | 7625 ||| READING scroll labelled UBERYN JIACETH.
  7626 | D:9      | 7626 ||| READING 2 scrolls of identify.
  7626 | D:9      | 7626 ||| IDENTIFYING lumpy yellow potion
  7642 | Lair:1   | Entered Level 1 of the Lair of Beasts
  7644 | Lair:1   | 7644 ||| INVOKING Heroism.
  7646 | Lair:1   | 7646 ||| INVOKING Spit Poison.
  7649 | Lair:1   | 7649 ||| INVOKING Spit Poison.
  7654 | Lair:1   | 7654 ||| INVOKING Spit Poison.
  7658 | Lair:1   | 7658 ||| INVOKING Heroism.
  7659 | Lair:1   | 7659 ||| INVOKING Spit Poison.
  7665 | Lair:1   | 7665 ||| INVOKING Spit Poison.
  7670 | Lair:1   | 7670 ||| INVOKING Spit Poison.
  7681 | Lair:1   | 7681 ||| INVOKING Spit Poison.
  7682 | Lair:1   | 7682 ||| INVOKING Heroism.
  7686 | Lair:1   | 7686 ||| INVOKING Spit Poison.
  7753 | Lair:1   | 7753 ||| INVOKING Heroism.
  7754 | Lair:1   | 7754 ||| INVOKING Spit Poison.
  7758 | Lair:1   | Reached skill level 13 in Ranged Weapons
  7804 | Lair:1   | 7804 ||| INVOKING Spit Poison.
  7807 | Lair:1   | 7807 ||| INVOKING Spit Poison.
  7844 | Lair:1   | 7844 ||| INVOKING Spit Poison.
  7850 | Lair:1   | 7850 ||| INVOKING Heroism.
  7851 | Lair:1   | 7851 ||| INVOKING Spit Poison.
  7855 | Lair:1   | 7855 ||| INVOKING Spit Poison.
  7912 | Lair:1   | 7912 ||| INVOKING Spit Poison.
  7916 | Lair:1   | 7916 ||| INVOKING Heroism.
  7917 | Lair:1   | 7917 ||| INVOKING Spit Poison.
  7921 | Lair:1   | Reached skill level 9 in Fighting
  8171 | Lair:1   | 8171 ||| INVOKING Spit Poison.
  8175 | Lair:1   | 8175 ||| INVOKING Spit Poison.
  8210 | Lair:1   | 8210 ||| INVOKING Spit Poison.
  8215 | Lair:1   | 8215 ||| INVOKING Spit Poison.
  8264 | Lair:1   | 8264 ||| INVOKING Spit Poison.
  8266 | Lair:1   | 8266 ||| INVOKING Heroism.
  8270 | Lair:1   | 8270 ||| INVOKING Spit Poison.
  8275 | Lair:1   | 8275 ||| INVOKING Spit Poison.
  8278 | Lair:1   | 8278 ||| INVOKING Spit Poison.
  8476 | Lair:1   | 8476 ||| INVOKING Spit Poison.
  8477 | Lair:1   | 8477 ||| INVOKING Heroism.
  8479 | Lair:1   | 8479 ||| INVOKING Spit Poison.
  8482 | Lair:1   | Reached **** piety under Okawaru
  8533 | Lair:1   | 8533 ||| INVOKING Spit Poison.
  8536 | Lair:1   | 8536 ||| INVOKING Spit Poison.
  8544 | Lair:1   | 8544 ||| INVOKING Spit Poison.
  8676 | Lair:1   | 8676 ||| INVOKING Heroism.
  8678 | Lair:1   | 8678 ||| INVOKING Spit Poison.
  8687 | Lair:1   | Reached XP level 12. HP: 111/114 MP: 13/15
  8962 | Lair:1   | 8962 ||| READING 2 scrolls of identify.
  8962 | Lair:1   | 8962 ||| IDENTIFYING murky sapphire potion
  9024 | Lair:2   | 9024 ||| INVOKING Heroism.
  9035 | Lair:2   | Reached skill level 14 in Ranged Weapons
  9039 | Lair:2   | Reached skill level 6 in Invocations
  9208 | Lair:2   | Reached ***** piety under Okawaru
  9334 | Lair:2   | 9334 ||| INVOKING Heroism.
  9407 | Lair:2   | Reached skill level 6 in Dodging
  9477 | Lair:2   | Found a broken altar of Ashenzari.
  9650 | Lair:2   | 9650 ||| INVOKING Heroism.
  9754 | Lair:2   | Found a staircase to the Shoals.
  9812 | Lair:2   | Noticed an eight-headed hydra
  9813 | Lair:2   | 9813 ||| INVOKING Heroism.
  9814 | Lair:2   | 9814 ||| INVOKING Finesse.
  9816 | Lair:2   | Killed an eight-headed hydra
  9951 | Lair:2   | Found a staircase to the Snake Pit.
  9952 | Lair:2   | 9952 ||| Stepping ~*~*~tactically~*~*~ (outnumbered).
  9954 | Lair:2   | 9954 ||| Stepping ~*~*~tactically~*~*~ (outnumbered).
  9956 | Lair:2   | 9956 ||| Stepping ~*~*~tactically~*~*~ (outnumbered).
  9958 | Lair:2   | 9958 ||| FLEEEEING.
 10455 | Lair:2   | 10455 ||| DROPPING scarf of invisibility.
 10456 | Lair:2   | 10456 ||| READING scroll labelled XYIFIG FOERCH.
 10457 | Lair:2   | 10457 ||| READING 4 scrolls of identify.
 10457 | Lair:2   | 10457 ||| IDENTIFYING orange potion
 10458 | Lair:2   | 10458 ||| READING 3 scrolls of identify.
 10458 | Lair:2   | 10458 ||| IDENTIFYING green potion
 10459 | Lair:2   | 10459 ||| READING 2 scrolls of identify.
 10459 | Lair:2   | 10459 ||| IDENTIFYING lumpy dark potion
 10460 | Lair:2   | 10460 ||| DROPPING potion of enlightenment.
 10461 | Lair:2   | 10461 ||| DROPPING potion of attraction.
 10490 | Lair:3   | Received a gift from Okawaru
 10491 | Lair:3   | Reached skill level 9 in Invocations
 10632 | Lair:3   | Noticed a six-headed hydra
 10633 | Lair:3   | 10633 ||| INVOKING Heroism.
 10634 | Lair:3   | 10634 ||| INVOKING Finesse.
 10640 | Lair:3   | Killed a six-headed hydra
 10792 | Lair:3   | 10792 ||| INVOKING Heroism.
 10796 | Lair:3   | Gained mutation: You can use your snake-like lower body to
                  | constrict enemies. [Naga growth]
 10796 | Lair:3   | Reached XP level 13. HP: 123/123 MP: 17/20
 10904 | Lair:3   | 10904 ||| INVOKING Heroism.
 10972 | Lair:3   | 10972 ||| INVOKING Heroism.
 10976 | Lair:3   | 10976 ||| SWAPPING to +0 shortbow of flaming.
 10978 | Lair:3   | 10978 ||| SWAPPING to +0 heavy longbow.
 11031 | Lair:3   | 11031 ||| INVOKING Heroism.
 11158 | Lair:3   | 11158 ||| INVOKING Heroism.
 11399 | Lair:3   | 11399 ||| UPGRADING to +2 ring mail of cold resistance.
 11409 | Lair:3   | 11409 ||| READING 2 scrolls of identify.
 11409 | Lair:3   | 11409 ||| IDENTIFYING amethyst potion
 11410 | Lair:3   | 11410 ||| DROPPING potion of ambrosia.
 11432 | Lair:4   | 11432 ||| STAIRDANCE
 11434 | Lair:3   | 11434 ||| INVOKING Heroism.
 11567 | Lair:4   | 11567 ||| STAIRDANCE
 11734 | Lair:4   | Reached skill level 15 in Ranged Weapons
 11844 | Lair:4   | 11844 ||| INVOKING Heroism.
 12189 | Lair:4   | Found a staircase to the Slime Pits.
 12552 | Lair:5   | Entered Level 5 of the Lair of Beasts
 12555 | Lair:5   | 12555 ||| INVOKING Heroism.
 12560 | Lair:5   | 12560 ||| STAIRDANCE
 12564 | Lair:4   | HP: 21/123 [wyvern (10)]
 12565 | Lair:4   | 12565 ||| READING 3 scrolls of teleportation.
 12565 | Lair:4   | HP: 10/123 [yak (1)]
 12566 | Lair:4   | 12566 ||| DRINKING 3 potions of heal wounds.
 12567 | Lair:4   | HP: 1/123 [yak (11)]
 12568 | Lair:4   | 12568 ||| DRINKING 2 potions of heal wounds.
 12948 | Lair:5   | 12948 ||| INVOKING Heroism.
 13089 | Lair:5   | 13089 ||| INVOKING Heroism.
 13096 | Lair:5   | HP: 23/123 [elephant (9)]
 13097 | Lair:5   | 13097 ||| READING 2 scrolls of teleportation.
 13098 | Lair:5   | 13098 ||| DRINKING potion of heal wounds.
 13106 | Lair:5   | Reached skill level 16 in Ranged Weapons
 13112 | Lair:5   | HP: 30/123 [poisoned by a water moccasin]
 13113 | Lair:5   | 13113 ||| READING scroll of teleportation.
 13397 | Lair:5   | 13397 ||| INVOKING Heroism.
 13456 | Lair:5   | 13456 ||| INVOKING Heroism.
 13460 | Lair:5   | 13460 ||| SWAPPING to +0 shortbow of flaming.
 13469 | Lair:5   | 13469 ||| SWAPPING to +0 heavy longbow.
 13477 | Lair:5   | HP: 31/127 [poisoned by a cane toad]
 13747 | Lair:5   | 13747 ||| INVOKING Heroism.
 13752 | Lair:5   | Reached XP level 14. HP: 135/135 MP: 19/21
 14383 | Lair:5   | 14383 ||| INVOKING Heroism.
 14386 | Lair:5   | Reached skill level 17 in Ranged Weapons
 14585 | Lair:5   | 14585 ||| INVOKING Heroism.
 14891 | Lair:5   | 14891 ||| READING scroll of acquirement.
 14891 | Lair:5   | 14891 ||| ACQUIRING +5 arbalest "Fuuthrepna" {flame, rN+
                  | Str+7 Int-2}
 14891 | Lair:5   | Acquired the +5 arbalest "Fuuthrepna" {flame, rN+ Str+7
                  | Int-2}
 14893 | Lair:5   | 14893 ||| DROPPING +0 shortbow of flaming.
 15065 | Lair:5   | 15065 ||| PLANNING D:1-11
 15065 | Lair:5   | 15065 ||| READING 4 scrolls of identify.
 15065 | Lair:5   | 15065 ||| IDENTIFYING purple potion
 15140 | Lair:4   | 15140 ||| INVOKING Heroism.
 15346 | D:10     | Entered Level 10 of the Dungeon
 15354 | D:10     | Found Bileog's Distillery.
 15456 | D:10     | 15456 ||| BUYING 2 potions of curing (96 gold).
 15456 | D:10     | Bought 2 potions of curing for 96 gold pieces
 15456 | D:10     | 15456 ||| BUYING potion of cancellation (128 gold).
 15456 | D:10     | Bought a potion of cancellation for 128 gold pieces
 15456 | D:10     | 15456 ||| BUYING potion of curing (48 gold).
 15456 | D:10     | Bought a potion of curing for 48 gold pieces
 15456 | D:10     | 15456 ||| BUYING potion of curing (48 gold).
 15456 | D:10     | Bought a potion of curing for 48 gold pieces
 15456 | D:10     | 15456 ||| BUYING potion of might (64 gold).
 15456 | D:10     | Bought a potion of might for 64 gold pieces
 16248 | D:11     | 16248 ||| FLEEEEING.
 16249 | D:11     | 16249 ||| STAIRDANCE
 16284 | D:11     | 16284 ||| STAIRDANCE
 16289 | D:10     | 16289 ||| INVOKING Heroism.
 16447 | D:11     | 16447 ||| INVOKING Heroism.
 16448 | D:11     | 16448 ||| INVOKING Finesse.
 16494 | D:11     | Found a staircase to the Orcish Mines.
 16500 | D:11     | 16500 ||| Stepping ~*~*~tactically~*~*~ (outnumbered).
 17009 | D:11     | Found a burning altar of Makhleb.
 17382 | D:11     | 17382 ||| PLANNING D
 17403 | D:12     | 17403 ||| STAIRDANCE
 17497 | D:12     | Found Xoacrir's Distillery.
 17502 | D:12     | 17502 ||| BUYING potion of magic (104 gold).
 17502 | D:12     | Bought a potion of magic for 104 gold pieces
 17502 | D:12     | 17502 ||| BUYING potion of mutation (104 gold).
 17502 | D:12     | Bought a potion of mutation for 104 gold pieces
 17502 | D:12     | 17502 ||| BUYING potion of resistance (130 gold).
 17502 | D:12     | Bought a potion of resistance for 130 gold pieces
 17570 | D:12     | 17570 ||| READING scroll of enchant weapon.
 17570 | D:12     | 17570 ||| ENCHANTING +0 heavy longbow.
 17631 | D:12     | Noticed Nergalle
 17638 | D:12     | Killed Nergalle
 17655 | D:12     | Noticed Fannar
 17660 | D:12     | Killed Fannar
 17661 | D:12     | Reached skill level 18 in Ranged Weapons
 18119 | D:13     | Noticed Frances
 18120 | D:13     | 18120 ||| INVOKING Heroism.
 18121 | D:13     | 18121 ||| INVOKING Finesse.
 18129 | D:13     | Killed Frances
 18280 | D:13     | 18280 ||| INVOKING Heroism.
 18293 | D:13     | Reached skill level 12 in Fighting
 18615 | D:13     | Noticed Nessos
 18615 | D:13     | 18615 ||| INVOKING Finesse.
 18619 | D:13     | 18619 ||| INVOKING Heroism.
 18625 | D:13     | HP: 34/138 [Nessos/arrow (2)]
 18625 | D:13     | HP: 16/138 [Nessos/arrow (5)]
 18626 | D:13     | 18626 ||| READING scroll of teleportation.
 18626 | D:13     | Shot with an arrow by Nessos

Levels and vault maps discovered:
D:1:      lightli_arrival_farm, layout_basic,
          ebering_ecumenical_altar_sacrificial, minmay_cut_off
D:2:      layout_basic
D:3:      layout_basic, grunt_temple_overflow_open, pf_guarded_unrand_delatra,
          uniq_crazy_yiuf_cottage
D:4:      layout_gridville, grunt_gozag_breadcrumbs,
          mainiacjoe_overflow_big_doors, minmay_temple_entry_hall,
          amcnicky_mini_pool_small
D:5:      layout_cave_pools
D:6:      layout_loops_ring, serial_shops, nicolae_square_shop
D:7:      layout_basic, minmay_shop_grid_forest, uniq_maggie,
          uniq_prince_ribbit1, uniq_pikel
D:8:      layout_basic, nicolae_ru_path_of_blood, enter_ossuary_2, uniq_amaemon,
          uniq_joseph
D:9:      layout_loops_ring, erik_lair_island, serial_shops, shop
D:10:     layout_basic, serial_shops, nicolae_shop_window_shopping
D:11:     layout_basic, minmay_orc_entry_temple_small, demons_altar
D:12:     layout_cave_pools, serial_column_ruins, column_ruins_pillar_4,
          column_ruins_pillar_12, column_ruins_pillar_1, column_ruins_pillar_3,
          column_ruins_pillar_1, column_ruins_pillar_3, column_ruins_pillar_4,
          column_ruins_pillar_3, column_ruins_pillar_3, column_ruins_pillar_9,
          column_ruins_pillar_9, column_ruins_pillar_11, column_ruins_pillar_3,
          serial_shops, kennysheep_little_box, eino_tiny_chamber,
          kennysheep_flooded_box, minmay_misc_feat_ornament, uniq_fannar,
          uniq_nergalle
D:13:     layout_stronghold, ximxim_vaults_locker_room, serial_ice,
          serial_ice_k, serial_ice_a, serial_ice_b, serial_ice_e, st_stairs_3,
          kennysheep_big_empty_room, uniq_frances, uniq_nessos, uniq_rupert
Temple:   eino_wide_crystal_templ
Lair:1:   kb_forest_paths, layout_regular_city, st_stairs_9
Lair:2:   layout_layer_cave, minmay_shoals_entry_centaurs,
          nicolae_snake_entry_warm_welcome, basic_altar
Lair:3:   layout_cave_pods
Lair:4:   layout_roguey, nicolae_slime_entry_slimehenge,
          dreamdust_mushroom_princess
Lair:5:   hangedman_lair_tendril_chambers, layout_cellular_growth, minivault_11,
          st_stairs_8

Skill      XL: |  1  2  3  4  5  6  7  8  9 10 11 12 13 14 |
---------------+-------------------------------------------+-----
Ranged Weapons | 4 5 6 7 9 10 12 13 14 16 18 | 18.0
Fighting       | 4 5 7 8 9 10 11 12 | 12.0
Armour         | 1 2 3 4 |  4.8
Dodging        | 2 3 4 5 6 |  6.0
Invocations    | 3 4 9 10 | 10.0
Stealth        | |  1.5

Action                     |  1- 3 |  4- 6 |  7- 9 | 10-12 | 13-15 || total
---------------------------+-------+-------+-------+-------+-------++-------
   Fire: Shortbow          |    70 |    73 |   131 |       |     9 ||   283
         Orcbow            |       |       |    88 |   250 |       ||   338
         Longbow           |       |       |       |   267 |   588 ||   855
 Invoke: Heroism           |       |       |    12 |    22 |    20 ||    54
         Finesse           |       |       |       |     2 |     3 ||     5
Ability: Spit Poison       |    28 |    21 |    56 |    79 |       ||   184
    Use: Scroll            |     6 |     3 |     8 |    14 |     8 ||    39
         Potion            |     1 |     2 |     1 |       |     3 ||     7
 Armour: Leather armour    |     4 |    13 |    46 |     4 |       ||    67
         Steam dragon scal |       |       |       |   138 |     2 ||   140
         Ring mail         |       |       |       |       |   285 ||   285
  Dodge: Dodged            |     8 |    14 |    60 |   235 |   356 ||   673

Table legend:
 A = Non-vault XP
 B = Vault XP
 C = Vault XP percentage of total XP
 D = Non-vault monster count
 E = Vault monster count
 F = Vault count percentage of total count
                 A         B        C        D         E       F
            +---------+---------+-------+---------+---------+-------
      Total |   60007 |   25251 |  29.6 |     405 |     124 |  23.4
            +---------+---------+-------+---------+---------+-------
        D:1 |      39 |       5 |  11.4 |      23 |       3 |  11.5
        D:2 |      17 |       0 |   0.0 |      12 |       0 |   0.0
        D:3 |     318 |      44 |  12.2 |      20 |       4 |  16.7
        D:4 |     438 |       0 |   0.0 |      21 |       0 |   0.0
        D:5 |     658 |       0 |   0.0 |      19 |       0 |   0.0
        D:6 |     859 |       0 |   0.0 |      20 |       0 |   0.0
        D:7 |    1012 |    1308 |  56.4 |      30 |       3 |   9.1
        D:8 |    1179 |    1614 |  57.8 |      24 |       3 |  11.1
        D:9 |    1907 |    1040 |  35.3 |      32 |       8 |  20.0
       D:10 |    4320 |       0 |   0.0 |      33 |       0 |   0.0
       D:11 |    2995 |     773 |  20.5 |      13 |      11 |  45.8
       D:12 |    1680 |    1691 |  50.2 |      11 |       2 |  15.4
       D:13 |    5202 |    2882 |  35.7 |      15 |       8 |  34.8
     Lair:1 |    4003 |    4995 |  55.5 |      16 |      21 |  56.8
     Lair:2 |    9515 |    1076 |  10.2 |      37 |       7 |  15.9
     Lair:3 |    6202 |       0 |   0.0 |      17 |       0 |   0.0
     Lair:4 |    6907 |     200 |   2.8 |      22 |       5 |  18.5
     Lair:5 |   12756 |    9473 |  42.6 |      40 |      33 |  45.2
    Ossuary |       0 |     150 | 100.0 |       0 |      16 | 100.0
            +---------+---------+-------+---------+---------+-------
